Map: Berlingrad LE

Players

TradeMarc (uThermal)

  • Race: Terran Terran
  • League: Grandmaster

HeroMarine - Winner!

  • Race: Terran Terran
  • League: Master

Event: DreamHack SC2 Masters Last Chance 2022

VOD

Have the link to the VOD?

Description

Time

  • Played on: Dec. 17, 2021, 2:09 p.m.
  • Length: 14:05

All games in this series

Show
View Real Time Build Order
Export as new Build Order

TradeMarc Terran 

Build Orders:  

Get SALT Encoding   

  12  0:00  SCV  
  13  0:12  SCV  
  14  0:16  Supply Depot  
  14  0:24  SCV  
  15  0:38  SCV  
  15  0:40  Barracks  
  16  0:44  Refinery  
  16  0:50  SCV  
  16  0:52  Refinery  
  17  1:02  SCV  
  18  1:14  SCV  
  19  1:27  Reaper, Orbital Command  
  20  1:34  Supply Depot  
  20  1:41  Factory  
  20  1:53  SCV  
  21  1:59  Barracks Reactor  
  21  2:05  SCV  
  22  2:17  SCV  
  22  2:22  Command Center  
  23  2:28  Hellion  
  26  2:30  SCV  
  26  2:36  Reaper x2  
  28  2:41  Supply Depot  
  28  2:44  SCV  
  28  2:50  Hellion  
  31  3:01  Starport  
  31  3:03  SCV  
  32  3:08  Reaper x2  
  34  3:13  Hellion  
  34  3:15  SCV  
  37  3:24  Refinery  
  37  3:27  SCV  
  37  3:33  Orbital Command  
  38  3:35  Factory Tech Lab  
  38  3:38  Starport Tech Lab  
  38  3:39  SCV  
  39  3:41  Marine x2  
  41  3:51  SCV  
  41  3:53  Cyclone  
  45  3:59  Marine x2  
  45  4:00  SCV  
  45  4:02  Raven  
  48  4:21  Marine  
  48  4:22  SCV  
  48  4:23  Marine  
  49  4:25  Supply Depot, Siege Tank  
  49  4:26  SCV  
  53  4:31  Supply Depot  
  53  4:34  SCV  
  54  4:46  SCV x2, Raven, Marine x2  
  54  4:48  Supply Depot  
  60  4:57  Siege Tank  
  60  4:58  SCV  
  64  5:04  Marine x2  
  64  5:05  SCV  
  67  5:10  SCV  
  68  5:18  Command Center  
  68  5:19  SCV  
  69  5:22  Supply Depot  
  69  5:23  SCV  
  70  5:30  Siege Tank  
  70  5:31  SCV  
  74  5:36  Viking x2  
  74  5:42  Refinery  
  78  5:44  SCV, Marine  
  78  5:46  Supply Depot, Stimpack  
  78  5:48  SCV  
  81  5:53  Supply Depot  
  81  5:56  SCV  
  82  6:00  SCV  
  82  6:02  Siege Tank  
  79  6:19  SCV  
  79  6:23  SCV  
  68  6:32  Viking x2  
  60  6:34  Siege Tank  
  60  6:35  SCV  
  60  6:38  SCV  
  60  6:39  Marine, Barracks  
  68  6:41  Barracks  
  68  6:47  SCV  
  68  6:50  SCV, Engineering Bay  
  70  6:54  Engineering Bay  
  70  6:57  Marine  
  70  6:59  SCV  
  72  7:02  Viking x2  
  72  7:03  SCV  
  72  7:06  Siege Tank  
  80  7:08  Orbital Command  
  80  7:11  SCV  
  80  7:15  Marine  
  82  7:16  SCV  
  82  7:20  Terran Infantry Weapons Level 1, Terran Infantry Armor Level 1  
  83  7:23  SCV  
  83  7:27  Barracks Reactor  
  83  7:28  Barracks Reactor, SCV  
  85  7:31  Refinery x2  
  85  7:33  Marine  
  85  7:34  SCV  
  87  7:39  Viking x2  
  91  7:44  SCV  
  91  7:47  SCV x2  
  91  7:50  Marine  
  95  7:55  Supply Depot  
  95  7:56  SCV  
  95  7:58  Siege Tank  
  99  7:59  SCV  
  99  8:02  Barracks x2  
  99  8:04  Marine  
  99  8:05  Marine x3  
  103  8:08  Marine  
  103  8:09  Supply Depot  
  105  8:13  Viking x2  
  105  8:14  Combat Shield  
  105  8:19  SCV  
  110  8:20  SCV, Sensor Tower  
  110  8:22  Marine  
  110  8:23  SCV  
  113  8:30  Siege Tank  
  102  8:41  Marine  
  93  8:43  Marine  
  93  8:45  SCV x2, Marine  
  93  8:46  Marine  
  93  8:47  Marine  
  97  8:49  Medivac x2  
  97  8:51  SCV  
  97  8:55  Marine  
  102  8:57  Barracks Reactor, SCV x2  
  102  9:02  Siege Tank  
  107  9:04  Marine x2  
  107  9:06  SCV  
  107  9:09  SCV, Sensor Tower  
  111  9:12  Armory, Marine  
  111  9:14  Barracks Reactor  
  111  9:16  Supply Depot, Marine  
  113  9:21  SCV  
  113  9:23  Missile Turret, Marine  
  115  9:24  Marine  
  115  9:26  SCV  
  117  9:33  Marine x3  
  117  9:35  Siege Tank  
  123  9:40  SCV  
  123  9:41  Supply Depot  
  123  9:45  Marine x2  
  124  9:47  Marine  
  126  9:56  Medivac, Marine x3  
  126  9:57  Marine x2  
  129  10:00  Supply Depot  
  129  10:01  Terran Infantry Weapons Level 2, Terran Infantry Armor Level 2  
  129  10:03  Marine x2  
  129  10:04  Factory, Supply Depot  
  129  10:05  Marine  
  126  10:08  Siege Tank  
  126  10:10  Barracks Reactor  
  127  10:14  Marine x5  
  127  10:18  Terran Vehicle Weapons Level 1  
  127  10:20  Marine  
  127  10:21  Supply Depot, Marine  
  133  10:23  Liberator, Marine  
  133  10:25  Liberator  
  141  10:32  Marine x3  
  144  10:38  Missile Turret  
  144  10:40  Marine  
  144  10:41  Missile Turret, Marine  
  142  10:43  Missile Turret  
  142  10:44  Siege Tank  
  142  10:52  Marine  
  140  10:58  Marine x2  
  140  11:02  Marine x2  
  140  11:03  Siege Tank  
  146  11:06  Medivac  
  146  11:07  SCV x2, Marine  
  146  11:09  Marine  
  152  11:15  Marine  
  152  11:16  Siege Tank  
  146  11:31  Medivac, Marine  
  133  11:33  Marine  
  133  11:35  Siege Tank, Marine  
  133  11:36  Medivac, Marine  
  133  11:39  Marine  
  142  11:40  Marine  
  142  11:43  Marine  
  144  11:47  Marine  
  144  11:48  Siege Tank  
  144  11:49  Marine x2  
  144  11:53  Marine x3  
  153  11:55  Marine  
  153  11:59  Marine  
  153  12:01  Marine  
  156  12:05  Missile Turret, Marine  
  156  12:07  Siege Tank  
  160  12:09  Marine  
  160  12:11  Supply Depot  
  160  12:13  Supply Depot  
  160  12:14  Marine x3  
  164  12:16  Marine  
  164  12:17  Marine  
  164  12:20  Siege Tank, Marine x2  
  171  12:31  Marine  
  172  12:38  Marine  
  172  12:39  Siege Tank, Marine x3  
  172  12:42  Marine  
  172  12:43  Marine x2  
  176  12:46  Marine  
  176  12:47  Marine  
  176  12:48  Marine  
  171  12:52  Siege Tank  
  171  12:56  Marine x2  
  171  12:57  Marine x2  
  168  13:00  Marine  
  162  13:09  Marine  
  162  13:12  Siege Tank, Marine  
  165  13:18  Marine x2  
  168  13:22  Marine  
  168  13:23  Marine  
  170  13:28  Marine x2  
  160  13:42  Marine  
Show
View Real Time Build Order
Export as new Build Order

HeroMarine Terran - Winner!

Build Orders:  

Get SALT Encoding   

  12  0:00  SCV  
  13  0:12  SCV  
  14  0:17  Supply Depot  
  14  0:24  SCV  
  15  0:39  SCV, Barracks  
  16  0:43  Refinery  
  16  0:51  SCV  
  16  0:53  Refinery  
  17  1:03  SCV  
  18  1:15  SCV  
  19  1:26  Reaper  
  19  1:27  Orbital Command  
  19  1:29  Supply Depot  
  20  1:44  Factory  
  20  1:52  SCV  
  21  1:58  Barracks Reactor  
  21  2:04  SCV  
  22  2:16  SCV  
  22  2:22  Command Center  
  23  2:28  Hellion  
  25  2:30  SCV  
  25  2:34  Reaper  
  25  2:35  Reaper  
  28  2:41  Supply Depot  
  28  2:44  SCV  
  28  2:49  Hellion  
  31  3:01  Starport  
  31  3:02  SCV  
  32  3:06  Marine  
  32  3:07  Marine  
  32  3:12  Factory Tech Lab  
  34  3:15  SCV  
  35  3:23  Refinery  
  38  3:27  SCV  
  38  3:33  Siege Tank  
  39  3:34  Orbital Command  
  39  3:38  Starport Tech Lab, Marine  
  39  3:40  Marine  
  41  3:43  SCV  
  42  3:55  SCV  
  43  3:58  Raven  
  43  4:00  Marine x2  
  43  4:01  SCV  
  48  4:05  Cyclone  
  48  4:09  Supply Depot  
  51  4:11  SCV  
  51  4:13  SCV  
  48  4:18  Marine x2  
  48  4:23  SCV  
  47  4:25  SCV  
  47  4:30  Supply Depot  
  48  4:35  SCV, Marine  
  48  4:36  Marine  
  48  4:38  SCV  
  52  4:41  Raven  
  52  4:43  Siege Tank  
  57  4:47  SCV  
  57  4:50  SCV  
  59  4:59  Command Center  
  59  5:00  SCV  
  59  5:02  SCV, Marine  
  59  5:03  Marine  
  63  5:08  Supply Depot  
  63  5:13  SCV  
  64  5:14  SCV  
  64  5:15  Supply Depot  
  64  5:18  Siege Tank  
  68  5:25  SCV  
  68  5:26  SCV  
  70  5:29  Refinery  
  70  5:32  Viking x2  
  70  5:33  Marine  
  75  5:37  SCV  
  75  5:38  SCV  
  75  5:39  Stimpack  
  77  5:51  Siege Tank  
  77  5:52  Marine, Barracks  
  77  5:55  Barracks  
  81  6:02  Viking  
  81  6:03  SCV  
  86  6:11  SCV, Viking  
  87  6:15  SCV  
  87  6:17  Marine  
  85  6:18  SCV  
  85  6:23  SCV  
  72  6:27  SCV  
  72  6:36  SCV  
  72  6:38  Siege Tank, Engineering Bay  
  72  6:39  Engineering Bay  
  75  6:42  SCV  
  75  6:45  Barracks Reactor x2, Starport Reactor  
  75  6:46  Marine  
  77  6:48  SCV  
  77  6:52  Barracks  
  77  6:53  Barracks  
  78  6:54  SCV  
  78  7:00  SCV  
  80  7:04  Terran Infantry Weapons Level 1, Marine, Terran Infantry Armor Level 1  
  80  7:06  SCV  
  82  7:08  Orbital Command  
  82  7:13  SCV  
  83  7:18  SCV  
  83  7:19  Combat Shield  
  83  7:22  Marine  
  85  7:23  Refinery  
  85  7:24  Siege Tank  
  85  7:25  SCV, Sensor Tower  
  85  7:26  Refinery  
  85  7:28  Marine x3  
  85  7:29  Marine  
  93  7:30  SCV  
  93  7:36  Supply Depot, SCV  
  96  7:37  Supply Depot, SCV  
  96  7:40  Marine  
  96  7:41  Viking x2  
  96  7:42  Barracks Reactor  
  96  7:44  Barracks Reactor  
  101  7:50  Supply Depot  
  101  7:58  SCV x3, Marine x5  
  109  7:59  Supply Depot  
  107  8:09  Siege Tank  
  107  8:10  SCV x3  
  113  8:13  Refinery  
  113  8:14  Medivac x2  
  113  8:15  Marine x5  
  122  8:22  SCV x3  
  122  8:23  Armory, Marine x2  
  122  8:24  Marine x2  
  129  8:33  Marine x5  
  132  8:40  Marine  
  132  8:41  Marine  
  117  8:42  Marine x2  
  117  8:43  Siege Tank  
  117  8:44  Medivac x2  
  124  8:51  Marine x5  
  129  8:58  Marine x2  
  129  9:00  Marine x2  
  131  9:07  Factory  
  131  9:09  Marine x4  
  133  9:10  Terran Infantry Weapons Level 2  
  133  9:13  Marine  
  133  9:15  Siege Tank  
  133  9:16  Marine x2  
  139  9:18  Marine x2  
  141  9:27  Supply Depot, Terran Infantry Armor Level 2  
  141  9:28  Supply Depot  
  141  9:29  Medivac x2, Marine x3  
  149  9:40  Marine  
  149  9:42  Marine x2  
  149  9:44  Marine x2  
  148  9:47  Marine x2  
  148  9:48  Marine  
  148  9:49  Barracks Reactor  
  150  9:53  Command Center  
  150  9:58  Siege Tank, Marine  
  140  10:00  Marine x2  
  140  10:02  Marine x2  
  140  10:05  Marine x2  
  140  10:06  Marine  
  147  10:10  Medivac x2, Siege Tank  
  154  10:16  Marine  
  154  10:18  Marine x2  
  154  10:20  Marine x2  
  159  10:22  Marine x2  
  159  10:23  Terran Vehicle Weapons Level 1, Barracks x3  
  159  10:24  Marine  
  162  10:29  Marine  
  162  10:30  Marine  
  164  10:39  Supply Depot  
  164  10:41  Siege Tank  
  164  10:42  Supply Depot, Siege Tank  
  163  10:52  Marine x7  
  163  10:53  Medivac x2  
  164  10:57  Marine  
  164  10:58  Marine  
  164  11:02  Marine  
  156  11:10  Marine x4  
  160  11:13  Siege Tank  
  160  11:14  Marine x3  
  160  11:15  Siege Tank  
  169  11:20  Marine  
  169  11:21  Marine  
  169  11:22  Marine  
  169  11:28  Marine x2  
  169  11:29  Marine x2  
  169  11:31  Marine  
  169  11:32  Marine x2  
  155  11:38  Medivac x2, Marine  
  155  11:39  Marine  
  161  11:42  Marine  
  161  11:45  Siege Tank, Marine  
  161  11:46  Marine  
  167  11:47  Marine x2  
  167  11:48  Barracks Reactor x3, Siege Tank  
  167  11:49  Marine  
  167  11:50  Planetary Fortress  
  167  11:51  Marine  
  174  11:55  Marine  
  174  11:56  Marine  
  176  12:08  Viking x2  
  180  12:11  Marine x6  
  184  12:17  Siege Tank  
  184  12:20  Siege Tank  
  190  12:24  Marine x2  
  190  12:25  Marine  
  193  12:30  Marine  
  193  12:31  Marine x2  
  193  12:32  Marine x4  
  200  12:47  Marine x3  
  200  12:48  Marine  
  200  12:50  Siege Tank  
  197  12:53  Marine  
  197  12:56  Marine x2  
  197  12:57  Marine x7  
  183  13:01  Siege Tank  
  175  13:06  Marine x5  
  175  13:07  Marine  
  175  13:11  Marine  
  182  13:13  Medivac x2, Marine  
  182  13:14  Marine  
  182  13:18  Marine x3  
  182  13:19  Marine x4  
  195  13:24  Marine x5  
  200  13:36  Marine  
  200  13:37  Marine x2  
  200  13:38  Marine x2  
  183  13:44  Marine x2  
  183  13:45  Marine x4  
  183  13:46  Marine x5  

Tags
 
Add a new tag
Caveats
  • Supply blocks, unpowered buildings, or Contaminate may cause inaccurate times.
  • Supply counts are checked every 10 seconds.